PAAA
ATHLETIC CLUB KC RESERVES @ CALGARY LYNX
05/29/2023
 
TOP OF THE 1ST
Athletic Club KC Reserves batting - Pitching for Calgary Lynx : RHP César Arellano
Pitching: RHP César Arellano
Batting: LHB Michael Landry 0-0: Called Strike
0-1: Ball
1-1: SINGLE (Groundball, 56)
Batting: LHB Matt Hartnett 0-0: Called Strike
0-1: Ball
1-1: Ball
2-1: Foul Ball, location: 2F
2-2: Fly out, F5 (Popup, 5SF)
Batting: LHB Thatcher Douglas 0-0: Swinging Strike
0-1: Fly out, F6 (Popup, 5D)
Batting: RHB Robert Hill 0-0: Foul Ball, location: 2F
0-1: Ball
1-1: Ball
2-1: Swinging Strike
2-2: Foul Ball, location: 2F
2-2: Fielders Choice at 2nd, 5-4 (Groundball, 5)
Top of the 1st over - 0 run(s), 1 hit(s), 0 error(s), 0 left on base; Athletic Club KC 0 - Calgary 0
BOTTOM OF THE 1ST
Calgary Lynx batting - Pitching for Athletic Club KC Reserves : RHP Norris Howard
Pitching: RHP Norris Howard
Batting: RHB Darren Tomlinson 0-0: Ball
1-0: SINGLE (Line Drive, 4MD)
Batting: RHB Joe Chase 0-0: SINGLE (Groundball, 56D)
Darren Tomlinson to second
Batting: LHB Héctor Cortéz 0-0: Foul Ball, location: 2F
0-1: Ball
1-1: Ball
2-1: Swinging Strike
2-2: Ball
3-2: Base on Balls
Darren Tomlinson to third
Joe Chase to second
Batting: LHB Rufo Flores 0-0: Ball
1-0: Foul Ball, location: 2F
1-1: Swinging Strike
1-2: Ball
2-2: Strikes out looking
Batting: RHB Harris Harden 0-0: Called Strike
0-1: DOUBLE (Line Drive, 56D)
Darren Tomlinson scores
Joe Chase scores
Héctor Cortéz to third
Batting: SHB Tom Craft 0-0: Ball
1-0: Ball
2-0: Ball
3-0: Base on Balls
Batting: SHB Todd Schenkel 0-0: Ball
1-0: SINGLE (Groundball, 15) (infield hit)
Héctor Cortéz scores
Harris Harden to third
Tom Craft to second
Batting: RHB Emílio Ortíz 0-0: Ball
1-0: Swinging Strike
1-1: Fly out, F1 (Line Drive, 13)
1-1: Lined into DP, 1-5 (Line Drive, 13)
Bottom of the 1st over - 3 run(s), 4 hit(s), 0 error(s), 2 left on base; Athletic Club KC 0 - Calgary 3
TOP OF THE 2ND
Athletic Club KC Reserves batting - Pitching for Calgary Lynx : RHP César Arellano
Batting: SHB Evan Adams 0-0: Called Strike
0-1: Foul Ball, location: 2F
0-2: Ground out 6-3 (Groundball, 6)
Batting: RHB Bill Dennis 0-0: Ball
1-0: Foul Ball, location: 2F
1-1: Ball
2-1: Ball
3-1: Base on Balls
Batting: RHB Máximo Padilla 0-0: Ball
Bill Dennis steals 2nd base
1-0: Foul Ball, location: 2F
1-1: Foul Ball, location: 2F
1-2: Strikes out looking
Batting: RHB Glenn Woods 0-0: Called Strike
0-1: Ball
1-1: Ball
2-1: Foul Ball, location: 2F
2-2: Ball
3-2: Foul Ball, location: 2F
3-2: Base on Balls
Batting: LHB Eduardo López 0-0: Called Strike
0-1: Fly out, F7 (Flyball, 7M)
Top of the 2nd over - 0 run(s), 0 hit(s), 0 error(s), 2 left on base; Athletic Club KC 0 - Calgary 3
BOTTOM OF THE 2ND
Calgary Lynx batting - Pitching for Athletic Club KC Reserves : RHP Norris Howard
Batting: RHB Roberto Machado 0-0: Ball
1-0: Ball
2-0: Called Strike
2-1: Called Strike
2-2: Strikes out swinging
Batting: RHB Darren Tomlinson 0-0: Ground out 5-3 (Groundball, 56)
Batting: RHB Joe Chase 0-0: Ball
1-0: Fly out, F8 (Line Drive, 8RD)
Bottom of the 2nd over - 0 run(s), 0 hit(s), 0 error(s), 0 left on base; Athletic Club KC 0 - Calgary 3
TOP OF THE 3RD
Athletic Club KC Reserves batting - Pitching for Calgary Lynx : RHP César Arellano
Batting: LHB Michael Landry 0-0: Ball
1-0: SINGLE (Line Drive, 34)
Batting: LHB Matt Hartnett 0-0: Ball
Michael Landry is caught stealing 2nd base
1-0: Ball
2-0: Foul Ball, location: 2F
2-1: Foul Ball, location: 2F
2-2: SINGLE (Flyball, 7S)
Batting: LHB Thatcher Douglas 0-0: Ball
1-0: SINGLE (Groundball, 34D)
Matt Hartnett to second
Runner from 2nd tries for 3rd, SAFE, throw made to third
Batting: RHB Robert Hill 0-0: Called Strike
0-1: Ball
1-1: Called Strike
1-2: Ball
2-2: Foul Ball, location: 2F
2-2: Ball
3-2: Ground out 6-3 (Groundball, 6)
Matt Hartnett scores
Thatcher Douglas to second
Batting: SHB Evan Adams 0-0: Foul Ball, location: 2F
0-1: Foul Ball, location: 2F
0-2: Ball
1-2: Strikes out swinging
Top of the 3rd over - 1 run(s), 3 hit(s), 0 error(s), 1 left on base; Athletic Club KC 1 - Calgary 3
BOTTOM OF THE 3RD
Calgary Lynx batting - Pitching for Athletic Club KC Reserves : RHP Norris Howard
Batting: LHB Héctor Cortéz 0-0: Ball
1-0: Ground out 4-3 (Groundball, 4)
Batting: LHB Rufo Flores 0-0: Ball
1-0: Called Strike
1-1: Called Strike
1-2: Ball
2-2: Ball
3-2: SINGLE (Groundball, 34D)
Pitching: RHP Jesús Hernández
Batting: RHB Harris Harden 0-0: Called Strike
0-1: Ball
1-1: Foul Ball, location: 2F
1-2: Foul Ball, location: 2F
1-2: Grounds into double play, 4-6-3 (Groundball, 4)
Bottom of the 3rd over - 0 run(s), 1 hit(s), 0 error(s), 0 left on base; Athletic Club KC 1 - Calgary 3
TOP OF THE 4TH
Athletic Club KC Reserves batting - Pitching for Calgary Lynx : RHP César Arellano
Batting: RHB Bill Dennis 0-0: Ball
1-0: Ball
2-0: Called Strike
2-1: Ball
3-1: Foul Ball, location: 2F
3-2: Fly out, F7 (Flyball, 7D)
Batting: RHB Máximo Padilla 0-0: Ball
1-0: Ball
2-0: Ground out 6-3 (Groundball, 6)
Batting: RHB Glenn Woods 0-0: Swinging Strike
0-1: Foul Ball, location: 2F
0-2: Foul Ball, location: 2F
0-2: Fly out, F9 (Flyball, 9S)
Top of the 4th over - 0 run(s), 0 hit(s), 0 error(s), 0 left on base; Athletic Club KC 1 - Calgary 3
BOTTOM OF THE 4TH
Calgary Lynx batting - Pitching for Athletic Club KC Reserves : RHP Jesús Hernández
Batting: SHB Tom Craft 0-0: Ball
1-0: Ball
2-0: Ball
3-0: Called Strike
3-1: Base on Balls
Batting: SHB Todd Schenkel 0-0: Called Strike
0-1: SINGLE (Groundball, 4M)
Tom Craft to second
Batting: RHB Emílio Ortíz 0-0: Foul Ball, location: 2F
0-1: Ball
1-1: Foul Ball, location: 2F
1-2: Foul Ball, location: 2F
1-2: Ball
2-2: Fly out, F7 (Flyball, 78S)
Batting: RHB Roberto Machado 0-0: Foul Ball, location: 2F
0-1: Ball
1-1: Fly out, F9 (Line Drive, 9S)
Batting: RHB Darren Tomlinson 0-0: Ball
1-0: Called Strike
1-1: Swinging Strike
1-2: Ground out 6-3 (Groundball, 6)
Bottom of the 4th over - 0 run(s), 1 hit(s), 0 error(s), 2 left on base; Athletic Club KC 1 - Calgary 3
TOP OF THE 5TH
Athletic Club KC Reserves batting - Pitching for Calgary Lynx : RHP César Arellano
Batting: LHB Eduardo López 0-0: Called Strike
0-1: Swinging Strike
0-2: Ball
1-2: Ball
2-2: Foul Ball, location: 2F
2-2: Foul Ball, location: 2F
2-2: Ball
3-2: Fly out, F7 (Flyball, 7M)
Batting: LHB Michael Landry 0-0: SINGLE (Line Drive, 8LS)
Batting: LHB Matt Hartnett 0-0: Ball
1-0: Called Strike
1-1: Foul Ball, location: 2F
1-2: DOUBLE (Line Drive, 8RXD)
Michael Landry to third
Batting: LHB Thatcher Douglas 0-0: Foul Ball, location: 2F
0-1: Foul Ball, location: 2F
0-2: Ball
1-2: Ball
2-2: 3-RUN HOME RUN (Line Drive, 9LD), Distance : 347 ft
Batting: RHB Robert Hill 0-0: SINGLE (Line Drive, 9LS)
Batting: SHB Evan Adams 0-0: Grounds into double play, U6-3 (Groundball, 6)
Top of the 5th over - 3 run(s), 4 hit(s), 0 error(s), 0 left on base; Athletic Club KC 4 - Calgary 3
BOTTOM OF THE 5TH
Calgary Lynx batting - Pitching for Athletic Club KC Reserves : RHP Jesús Hernández
Batting: RHB Joe Chase 0-0: Swinging Strike
0-1: Ball
1-1: Foul Ball, location: 2F
1-2: Strikes out swinging
Batting: LHB Héctor Cortéz 0-0: Ball
1-0: Called Strike
1-1: Ball
2-1: Ball
3-1: Base on Balls
Batting: LHB Rufo Flores 0-0: Ball
1-0: SINGLE (Groundball, 56D)
Héctor Cortéz to second
Batting: RHB Harris Harden 0-0: Ball
1-0: Foul Ball, location: 2F
1-1: Fly out, F9 (Flyball, 89M)
Batting: SHB Tom Craft 0-0: Ball
1-0: Fly out, F7 (Flyball, 7M)
Bottom of the 5th over - 0 run(s), 1 hit(s), 0 error(s), 2 left on base; Athletic Club KC 4 - Calgary 3
TOP OF THE 6TH
Athletic Club KC Reserves batting - Pitching for Calgary Lynx : RHP César Arellano
Batting: RHB Bill Dennis 0-0: Called Strike
0-1: Ball
1-1: Ground out 5-3 (Groundball, 5)
Batting: RHB Máximo Padilla 0-0: Ball
1-0: Called Strike
1-1: Foul Ball, location: 2F
1-2: Strikes out swinging
Batting: RHB Glenn Woods 0-0: Ball
1-0: Foul Ball, location: 2F
1-1: Foul Ball, location: 2F
1-2: Foul Ball, location: 2F
1-2: Foul Ball, location: 2F
1-2: Ball
2-2: Ground out 4-3 (Groundball, 34)
Top of the 6th over - 0 run(s), 0 hit(s), 0 error(s), 0 left on base; Athletic Club KC 4 - Calgary 3
BOTTOM OF THE 6TH
Calgary Lynx batting - Pitching for Athletic Club KC Reserves : RHP Jesús Hernández
Batting: SHB Todd Schenkel 0-0: Foul Ball, location: 2F
0-1: Ball
1-1: Ball
2-1: Ball
3-1: Base on Balls
Pitching: RHP Jeremy Gutiérrez
Batting: RHB Emílio Ortíz 0-0: Bunted foul
0-1: Bunted foul
0-2: Fly out, F8 (Line Drive, 8LS)
Batting: RHB Roberto Machado 0-0: Foul Ball, location: 2F
0-1: Called Strike
0-2: Foul Ball, location: 2F
Pickoff Throw to First - Out!
0-2: Foul Ball, location: 2F
0-2: Ball
1-2: Foul Ball, location: 2F
1-2: Foul Ball, location: 2F
1-2: Strikes out swinging
Bottom of the 6th over - 0 run(s), 0 hit(s), 0 error(s), 0 left on base; Athletic Club KC 4 - Calgary 3
TOP OF THE 7TH
Athletic Club KC Reserves batting - Pitching for Calgary Lynx : RHP César Arellano
Pitching: RHP Bill Ball
Batting: LHB Eduardo López 0-0: Called Strike
0-1: Ball
1-1: Foul Ball, location: 2F
1-2: Ball
2-2: Strikes out swinging
Batting: LHB Michael Landry 0-0: Ball
1-0: Foul Ball, location: 2F
1-1: Ball
2-1: Foul Ball, location: 2F
2-2: SINGLE (Line Drive, 56D)
Batting: LHB Matt Hartnett 0-0: Ball
Michael Landry is caught stealing 2nd base
1-0: Foul Ball, location: 2F
1-1: Ball
2-1: Fly out, F7 (Popup, 56D)
Top of the 7th over - 0 run(s), 1 hit(s), 0 error(s), 0 left on base; Athletic Club KC 4 - Calgary 3
BOTTOM OF THE 7TH
Calgary Lynx batting - Pitching for Athletic Club KC Reserves : RHP Jeremy Gutiérrez
Batting: RHB Darren Tomlinson 0-0: Called Strike
0-1: Called Strike
0-2: Foul Ball, location: 2F
0-2: Ball
1-2: Strikes out looking
Batting: RHB Joe Chase 0-0: Ball
1-0: Foul Ball, location: 2F
1-1: Ball
2-1: Foul Ball, location: 2F
2-2: Strikes out swinging
Batting: LHB Héctor Cortéz 0-0: Ball
1-0: Called Strike
1-1: SINGLE (Flyball, 9LM)
Batting: LHB Rufo Flores 0-0: Swinging Strike
0-1: Ball
1-1: DOUBLE (Line Drive, 4MD)
Héctor Cortéz to third
Runner from 3rd tries for Home, SAFE, no throw or cutoff
Batting: RHB Harris Harden 0-0: Ground out 5-3 (Groundball, 5L)
Bottom of the 7th over - 1 run(s), 2 hit(s), 0 error(s), 1 left on base; Athletic Club KC 4 - Calgary 4
TOP OF THE 8TH
Athletic Club KC Reserves batting - Pitching for Calgary Lynx : RHP Bill Ball
Batting: LHB Thatcher Douglas 0-0: Foul Ball, location: 2F
0-1: Called Strike
0-2: Ground out 4-3 (Groundball, 4)
Batting: RHB Robert Hill 0-0: Ground out 5-3 (Groundball, 56)
Batting: SHB Evan Adams 0-0: Fly out, F7 (Flyball, 7M)
Top of the 8th over - 0 run(s), 0 hit(s), 0 error(s), 0 left on base; Athletic Club KC 4 - Calgary 4
BOTTOM OF THE 8TH
Calgary Lynx batting - Pitching for Athletic Club KC Reserves : RHP Jeremy Gutiérrez
Batting: SHB Tom Craft 0-0: Called Strike
0-1: Foul Ball, location: 2F
0-2: Ball
1-2: Strikes out swinging
Batting: SHB Todd Schenkel 0-0: Called Strike
0-1: Ball
1-1: Ball
2-1: Ball
3-1: SINGLE (Line Drive, 8RS)
Pitching: RHP Joe Ellis
Pinch Hitting: RHB David Ramírez 0-0: Foul Ball, location: 2F
0-1: Sac Bunt - play at first, batter OUT! 1-4
Todd Schenkel to second
Pinch Hitting: RHB António Varela 0-0: Called Strike
0-1: Ball
1-1: Ball
2-1: Ground out 6-3 (Groundball, 6)
Bottom of the 8th over - 0 run(s), 1 hit(s), 0 error(s), 1 left on base; Athletic Club KC 4 - Calgary 4
TOP OF THE 9TH
Athletic Club KC Reserves batting - Pitching for Calgary Lynx : RHP Bill Ball
Pitching: RHP Clancy McKinney
Now at 2B: David Ramírez
Now in RF: António Varela
Batting: RHB Bill Dennis 0-0: DOUBLE (Line Drive, 78D)
Pinch Hitting: SHB Don Holmes 0-0: Intentional Walk
Batting: RHB Glenn Woods 0-0: Called Strike
0-1: Fly out, F5 (Line Drive, 5)
Batting: LHB Eduardo López 0-0: SINGLE (Line Drive, 78S)
Bill Dennis to third
Don Holmes to second
Runner from 3rd tries for Home, SAFE, throw made home
Don Holmes to third
Eduardo López to second
Batting: LHB Michael Landry 0-0: Foul Ball, location: 2F
0-1: Ball
1-1: Fly out, F4 (Popup, 4MD)
Batting: LHB Matt Hartnett 0-0: Fly out, F7 (Flyball, 78S)
Top of the 9th over - 1 run(s), 2 hit(s), 0 error(s), 2 left on base; Athletic Club KC 5 - Calgary 4
BOTTOM OF THE 9TH
Calgary Lynx batting - Pitching for Athletic Club KC Reserves : RHP Joe Ellis
Pitching: LHP António Silva
Now at C: Bob Davis
Batting: RHB Darren Tomlinson 0-0: Called Strike
0-1: Ball
1-1: Ball
2-1: SINGLE (Groundball, 56D)
Batting: RHB Joe Chase 0-0: Foul Ball, location: 2F
0-1: Foul Ball, location: 2F
0-2: Ball
1-2: Ball
2-2: Foul Ball, location: 2F
2-2: Ball
3-2: Base on Balls
Darren Tomlinson to second
Batting: LHB Héctor Cortéz 0-0: Foul Ball, location: 2F
0-1: DOUBLE (Groundball, 3L)
Darren Tomlinson scores
Joe Chase to third
Batting: LHB Rufo Flores 0-0: Fly out, F8 (Flyball, 8RM)
Batting: RHB Harris Harden 0-0: Intentional Walk
Pinch Hitting: RHB Tom Carlson 0-0: Swinging Strike
0-1: Ball
1-1: Foul Ball, location: 2F
1-2: Fly out, F9 (Flyball, 9LM)
Runner from 3rd tags up, SCORES, throw made
This league is powered by Out of the Park Baseball, the baseball management simulation game for PC, Mac and Linux
Friday, July 8th, 2016 - OOTP Baseball 16.9 Build 39